 Dungeon Crawl Stone Soup version 0.29.0-5-ge4962eb29e (webtiles) character file.

Game seed: 98219299092736888

327 sanka the Insei (level 6, -2/51 HPs)
             Began as a Draconian Monk on Aug 29, 2022.
             Slain by an orc
             ... wielding a +0 whip
              (4 damage)
             ... on level 4 of the Dungeon.
             The game lasted 00:04:28 (3192 turns).

sanka the Insei (Draconian Monk)                    Turns: 3192, Time: 00:04:28

Health: -2/51      AC:  7    Str: 13    XL:     6   Next: 24%
Magic:  6/6        EV: 13    Int: 13    God:
Gold:   104        SH:  0    Dex: 19    Spells: 5/5 levels left

rFire   . . .      SeeInvis .   f - +0 dagger (venom)
rCold   . . .      Faith    .   (no shield)
rNeg    . . .      Spirit   .   (body armour unavailable)
rPois   .          Reflect  .   (helmet restricted)
rElec   .          Harm     .   (no cloak)
rCorr   .          Rampage  .   j - +0 pair of gloves
Will    .....                   (no boots)
Stlth   ++........              (no amulet)
HPRegen 0.17/turn               u - +6 ring of dexterity
MPRegen 0.10/turn               m - ring of flight

@: flying
A: AC +6, unfitting armour, cold-blooded
a: no special abilities


You were on level 4 of the Dungeon.
You visited 2 branches of the dungeon, and saw 5 of its levels.

You collected 104 gold pieces.


Innate Abilities, Weirdness & Mutations

Your plain brown scales are hard. (AC +6)
You cannot fit into any form of body armour.
You are cold-blooded and may be slowed by cold attacks.


   Skills:
 - Level 3.2 Fighting
 - Level 2.6 Dodging
 - Level 1.7 Stealth
 + Level 7.1 Unarmed Combat


You had 5 spell levels left.
You didn't know any spells.
Your spell library contained the following spells:

 Spells                   Type           Power      Damage    Failure   Level
 Foxfire                  Conj/Fire      0%         2x1d4     30%         1
 Slow                     Hex            0%         N/A       30%         1
 Confusing Touch          Hex            0%         N/A       67%         3
 Conjure Flame            Conj/Fire      0%         6-21      67%         3
 Inner Flame              Hex/Fire       0%         N/A       67%         3
 Vampiric Draining        Necr           0%         2d6       67%         3
 Flame Wave               Conj/Fire      0%         2d4       97%         4

Inventory:

Hand Weapons
 f - a +0 dagger of venom (weapon)
Armour
 j - a +0 pair of gloves (worn)
Jewellery
 m - a ring of flight (right hand)
 u - a +6 ring of dexterity (left hand)
Scrolls
 b - a scroll of blinking {unknown}
 c - 2 scrolls of noise {unknown}
 d - a scroll of magic mapping {unknown}
 e - a scroll of torment {unknown}
 h - 3 scrolls of identify {unknown}
 l - a scroll of teleportation {unknown}
 q - a scroll of enchant armour {unknown}
 t - a scroll of vulnerability {unknown}
Potions
 a - a potion of ambrosia
 g - a potion of berserk rage {unknown}
 i - a potion of curing {unknown}
 k - a potion of cancellation {unknown}
 n - 2 potions of might {unknown}
 o - a potion of lignification {unknown}
 p - a potion of attraction {unknown}
 r - 2 potions of brilliance {unknown}
 s - a potion of mutation {unknown}

Dungeon Overview and Level Annotations

Branches:
Dungeon (4/15)             Temple (1/1) D:4

Altars:
Ashenzari
Dithmenos
Elyvilon
Gozag
Hepliaklqana
Kikubaaqudgha
Nemelex Xobeh
Trog
Uskayaw
Vehumet
Wu Jian
Xom
Yredelemnul
Zin

Annotations:
D:3 Ijyb

▒▒▒▒▒.......⌠~~......▒
▒........~~....~.....▒
▒.▒▒▒▒..~..~~..~.....▒
▒..~....~~......▒
.▒.▒▒▒▒...~~..........▒
......)(...~~.........▒
▒▒.▒▒.▒.▒▒▒~~~~~~▒▒▒.▒▒
▒.▒▒.▒▒.▒▒▒~~~~▒▒
▒....dog..▒▒▒▒▒
▒▒▒▒▒▒▒.▒▒▒ ▒.▒ ▒.▒ ▒o▒
▒o▒ ▒.▒ ▒o▒ ▒.g


You could see an orc (very poisoned) and a hobgoblin.


Message History

You hit the orc priest.
The orc priest is poisoned.
The orc priest is lightly wounded.
The orc priest hits you with a +0 flail of venom!
* * * LOW HITPOINT WARNING * * *
You closely miss the orc priest.
Your tail-slap misses the orc priest.
The orc priest is moderately wounded.
The orc priest hits you with a +0 flail of venom!
* * * LOW HITPOINT WARNING * * *
You hit the orc priest but do no damage.
The orc priest looks even sicker.
The orc priest is moderately wounded.
The orc priest closely misses you.
You hit the orc priest.
The orc priest looks as sick as possible!
The orc priest is almost dead.
The orc priest calls down the wrath of Beogh upon you.
Pain shoots through your body!
* * * LOW HITPOINT WARNING * * *
You hit the orc priest.
The orc priest looks as sick as possible!
The orc priest is almost dead.
You kill the orc priest!
Your Unarmed Combat skill increases to level 7!
You hit the orc.
The orc is poisoned.
The orc is lightly wounded.
The orc hits you with a +0 whip.
You die...

Action                   |  1- 3 |  4- 6 || total
-------------------------+-------+-------++-------
Melee: Unarmed           |    39 |       ||    39
       Tailslap          |    14 |     8 ||    22
       Dagger            |    96 |    61 ||   157
       Punch             |     3 |     4 ||     7
 Stab: Sleeping          |     5 |     3 ||     8
Armor: Skin              |    32 |    13 ||    45
Dodge: Dodged            |    71 |    27 ||    98

Levels and vault maps discovered:
D:1:      dpeg_arrival_water_temple_mockup, layout_loops_corners, st_stairs_12,
          amethyst_killhole
D:2:      layout_basic, nicolae_underground_beach
D:3:      layout_rooms, gammafunk_temple_overflow_elements,
          ebering_ecumenical_altar_petrified, uniq_ijyb
D:4:      cheibrodos_helix_gallery, layout_loops_corners,
          mainiacjoe_overflow_alcove_4, minmay_temple_entry_slanted,
          enter_ossuary_4, uniq_sigmund
Temple:   hellmonk_temple_of_storms

Notes
Turn   | Place    | Note
-------+----------+-------------------------------------------
     0 | D:1      | sanka the Draconian Monk began the quest for the Orb.
     0 | D:1      | Reached XP level 1. HP: 19/19 MP: 1/1
   388 | D:1      | Reached XP level 2. HP: 25/26 MP: 2/2
   944 | D:1      | Reached skill level 4 in Unarmed Combat
  1314 | D:2      | Reached XP level 3. HP: 31/31 MP: 3/3
  2295 | D:3      | Noticed Ijyb
  2372 | D:3      | Reached XP level 4. HP: 38/38 MP: 4/4
  2373 | D:3      | Found a faded altar of an unknown god.
  2444 | D:3      | Reached skill level 5 in Unarmed Combat
  2648 | D:3      | Found a sparkling altar of Nemelex Xobeh.
  2648 | D:3      | Found a broken altar of Ashenzari.
  2970 | D:4      | Found a basalt altar of Yredelemnul.
  2990 | D:4      | Found a staircase to the Ecumenical Temple.
  3001 | Temple   | Entered the Ecumenical Temple
  3042 | D:4      | Noticed a scorpion
  3053 | D:4      | Killed a scorpion
  3054 | D:4      | Reached XP level 5. HP: 37/45 MP: 5/5
  3112 | D:4      | Reached skill level 6 in Unarmed Combat
  3155 | D:4      | Reached XP level 6. HP: 31/51 MP: 6/6
  3190 | D:4      | HP: 2/51 [orc priest/nerve-wracking pain (12)]
  3192 | D:4      | Reached skill level 7 in Unarmed Combat
  3192 | D:4      | Slain by an orc

Vanquished Creatures
  2 scorpions (D:4)
  A hound (D:4)
  An orc priest (D:4)
  2 orc wizards (D:4)
  4 adders
  2 worms
  2 dart slugs (D:2)
  3 orcs (D:4)
  2 endoplasms
  A giant cockroach (D:2)
  5 goblins
  6 hobgoblins
  5 kobolds
  2 quokkas (D:1)
  4 ball pythons
  6 bats
  4 frilled lizards
  4 rats
56 creatures vanquished.
